 Dungeon Crawl Stone Soup version 0.21-a0-417-g0adc95b (webtiles) character file.

101 theanonym the Skirmisher (level 4, -4/38 HPs)
             Began as a Demigod Fighter on Nov 4, 2017.
             Slain by a gnoll
             ... wielding a +0 halberd
              (12 damage)
             ... on level 2 of the Dungeon.
             The game lasted 00:02:18 (1397 turns).

theanonym the Skirmisher (Demigod Fighter)          Turns: 1397, Time: 00:02:19

Health: -4/38      AC:  6    Str: 21    XL:     4   Next: 24%
Magic:  6/6        EV:  7    Int: 12    God:
Gold:   28         SH:  9    Dex: 15    Spells: 3/3 levels left

rFire    . . .     SeeInvis .   a - +0 war axe
rCold    . . .     Gourm    .   c - +0 shield
rNeg     . . .     Faith    .   b - +0 scale mail
rPois    .         Spirit   .   (no helmet)
rElec    .         Reflect  .   (no cloak)
rCorr    .         Harm     .   (no gloves)
MR       .....                  (no boots)
Stlth    ..........             (no amulet)
HPRegen  0.12/turn              (no ring)
MPRegen  0.10/turn              (no ring)

@: no status effects
A: high mp 1
a: no special abilities


You were on level 2 of the Dungeon.
You were hungry.

You visited 1 branch of the dungeon, and saw 2 of its levels.

You collected 28 gold pieces.

Inventory:

Hand Weapons
 a - a +0 war axe (weapon)
Armour
 b - a +0 scale mail (worn)
 c - a +0 shield (worn)
 j - a +0 pair of gloves
   (You found it on level 1 of the Dungeon)
Scrolls
 h - 2 scrolls of identify {unknown}
 l - 2 scrolls of remove curse {unknown}
Potions
 d - a potion of might
 e - a potion of magic {unknown}
 g - 2 potions of lignification {unknown}
 i - a potion of agility {unknown}
 n - 2 potions of curing {unknown}
Comestibles
 f - 3 bread rations
 k - a meat ration


   Skills:
 + Level 3.2 Fighting
 * Level 3.0 Axes
 + Level 3.2 Armour
 + Level 3.2 Shields


You had 3 spell levels left.
You didn't know any spells.

Dungeon Overview and Level Annotations

Branches:
Dungeon (2/15)


Innate Abilities, Weirdness & Mutations

You have an increased reservoir of magic. (+10% MP)


Message History

You slash the frilled lizard!
You kill the frilled lizard!
There is a stone staircase leading down here.
You see here an adder corpse.
You butcher the adder corpse.
m - 2 chunks of flesh You start resting.
Health restored: 31
There is a stone staircase leading down here.
You see here a club.
You see here a stone.
You see here a short sword.
You see here a club.
There is a stone staircase leading down here.
You climb downwards.
The kobold shouts!
There is a stone staircase leading up here.
The ooze quivers.
You slash the kobold!
You kill the kobold!
You hit the ooze. The ooze barely misses you.
The ooze hits you but does no damage.
You hit the ooze. The ooze barely misses you.
You hit the ooze but do no damage. You closely miss the crimson imp.
You block the ooze's attack. You block the crimson imp's attack.
The ooze hits you but does no damage.
Your shield and scale mail prevent you from hitting the ooze.
You hit the crimson imp. You block the crimson imp's attack. The ooze hits you.
The crimson imp hits you but does no damage.
You take 3 damage, and have 28/31 hp.
You slash the ooze!
You kill the ooze!
You barely miss the crimson imp.
The crimson imp laughs crazily.
You block the crimson imp's attack.
You closely miss the crimson imp. The crimson imp hits you.
The crimson imp hits you but does no damage.
You hit the crimson imp.
The crimson imp hits you but does no damage.
You closely miss the crimson imp.
The crimson imp hits you but does no damage.
The crimson imp blinks!
The crimson imp blinks!
You are feeling hungry.
The crimson imp barely misses you.
You slash the crimson imp! You block the crimson imp's attack.
All of the chunks of flesh in your inventory have rotted away.
You slash the crimson imp!
You kill the crimson imp!
Your Axes skill increases to level 3!
You have reached level 4!
You regained 7 hp, and now have 35/38 hp.
MP restored: 6 You start resting.
Health restored: 38
f - 3 bread rations (gained 1)
The bat is too close now for your liking.
Things that are here:
a coppery potion; a dagger Unknown command.
The bat barely misses you. You block the bat's attack. The bat hits you.
You take 1 damage, and have 37/38 hp.
The gnoll shouts!
You hit the bat but do no damage. The bat hits you but does no damage.
The bat completely misses you.
You miss the bat. You block the bat's attack.
The gnoll shouts!
You block the bat's attack. You block the bat's attack.
The gnoll hits you but does no damage.
Health restored: 38 You hit the gnoll.
The bat hits you but does no damage. You block the gnoll's attack.
Your shield and scale mail prevent you from hitting the gnoll.
The bat hits you but does no damage. The gnoll barely misses you.
The gnoll hits you with a halberd!
You take 12 damage, and have 26/38 hp.
MASSIVE DAMAGE!!
The bat hits you but does no damage. You block the gnoll's attack.
The gnoll hits you with a halberd!
* * * LOW HITPOINT WARNING * * *
You take 10 damage, and have 16/38 hp.
MASSIVE DAMAGE!!
Your shield and scale mail prevent you from hitting the gnoll.
You completely miss the gnoll. You closely miss the bat.
The bat hits you but does no damage. The bat hits you.
* * * LOW HITPOINT WARNING * * *
The gnoll barely misses you. You block the gnoll's attack.
You take 1 damage, and have 15/38 hp.
Okay, then.
Unknown command.
You block the gnoll's attack.
The gnoll hits you from afar with a halberd!
* * * LOW HITPOINT WARNING * * *
You block the bat's attack.
You take 8 damage, and have 7/38 hp.
MASSIVE DAMAGE!!
You block the bat's attack. You block the bat's attack.
You block the bat's attack.
The gnoll hits you from afar with a halberd!
You die...

... . ## ..# #. .. #.. .##.
##..# ......## #...
#..#...#########..#
#..#.#.##.........# .
#..#...!...#....<#
..####....@................
...#........g........b.##.
#..%..#...g...........# #
#..#.!...b...........#
#.####.#..#...............#
#.###.#....#.##...............#
#..........#.##...............#
###..<......##............
##.>.....###.###..)........


You could see 2 gnolls and a bat.

Vanquished Creatures
  A crimson imp (D:2)
  A gnoll (D:1)
  2 adders
  2 oozes
  A dart slug (D:1)
  3 bats (D:1)
  2 giant cockroaches (D:1)
  4 goblins
  2 hobgoblins (D:1)
  6 kobolds
  6 frilled lizards
  3 rats
33 creatures vanquished.

Notes
Turn   | Place    | Note
-------+----------+-------------------------------------------
     0 | D:1      | theanonym the Demigod Fighter began the quest for the Orb.
     0 | D:1      | Reached XP level 1. HP: 18/18 MP: 3/3
    62 | D:1      | Reached skill level 2 in Axes
   174 | D:1      | Reached XP level 2. HP: 25/25 MP: 4/4
   364 | D:1      | Reached skill level 3 in Shields
   607 | D:1      | Reached skill level 3 in Armour
   769 | D:2      | Reached skill level 3 in Fighting
   769 | D:2      | Reached XP level 3. HP: 28/31 MP: 5/5
   811 | D:2      | HP: 5/31 [gnoll/flail (6)]
   822 | D:1      | HP: 1/31 [gnoll/flail (5)]
  1345 | D:2      | Reached skill level 3 in Axes
  1345 | D:2      | Reached XP level 4. HP: 35/38 MP: 6/6
  1394 | D:2      | HP: 7/38 [gnoll/halberd (8)]
  1397 | D:2      | Slain by a gnoll

Vault maps used:
D:1:      minmay_arrival_four_houses, serial_forest, infiniplex_forest_end_1,
          infiniplex_forest_side_room, infiniplex_forest_clump_long,
          infiniplex_forest_3_way, infiniplex_forest_straight_2,
          infiniplex_forest_straight_4, infiniplex_forest_pool,
          infiniplex_forest_lined_corner
D:2:      first_bread, uniq_robin

Skill      XL: |  1  2  3 |
---------------+----------+-----
Axes           | 2 3 |  3.0
Shields        | 3 |  3.2
Armour         | 3 |  3.2
Fighting       | 3 |  3.2

Action                   |  1- 3 |  4- 6 || total
-------------------------+-------+-------++-------
Melee: War axe           |    86 |     5 ||    91
  Eat: Chunk             |     1 |       ||     1
Armor: Scale mail        |    43 |     6 ||    49
Dodge: Dodged            |    29 |     4 ||    33
Block: Shield            |    48 |    12 ||    60

Table legend:
 A = Spawn XP
 B = Non-spawn XP
 C = Spawn XP percentage of total XP
 D = Spawn monster count
 E = Non-spawn monster count
 F = Spawn count percentage of total count
 G = Total turns spent on level
                    A         B        C        D         E        F      G
               +---------+---------+-------+---------+---------+-------+---------
         Total |       0 |     145 |   0.0 |       0 |      33 |   0.0 |  1397
               +---------+---------+-------+---------+---------+-------+---------
           D:1 |       0 |      74 |   0.0 |       0 |      26 |   0.0 |  1263
           D:2 |       0 |      71 |   0.0 |       0 |       7 |   0.0 |   134
               +---------+---------+-------+---------+---------+-------+---------
